Map: Ley Lines

Players

asdffak - Winner!

  • Race: Terran Terran
  • Spawn Location: 1:00

Sindyr

  • Race: Zerg Zerg
  • League: Master
  • Spawn Location: 7:00

VOD

Have the link to the VOD?

Description

Time

  • Played on: Oct. 30, 2025, 6:17 a.m.
  • Length: 20:43
Show
View Real Time Build Order
Export as new Build Order

asdffak Terran - Winner!

Build Orders:  

Get SALT Encoding   

  12  0:05  SCV  
  13  0:20  SCV  
  13  0:21  Supply Depot  
  14  0:32  SCV  
  14  0:35  Refinery  
  15  0:44  SCV  
  15  0:45  Barracks  
  16  0:56  SCV  
  17  1:08  SCV  
  18  1:20  SCV  
  19  1:33  Reaper, Supply Depot  
  20  1:42  Orbital Command  
  20  1:56  Factory  
  20  2:19  SCV  
  20  2:21  Marine  
  22  2:31  SCV  
  22  2:34  Refinery  
  23  2:39  Marine  
  24  2:48  SCV  
  24  2:49  Hellion  
  27  2:52  Starport  
  27  2:57  Marine  
  28  3:00  Command Center  
  28  3:15  Marine  
  28  3:17  SCV  
  30  3:23  Factory Reactor  
  30  3:27  Barracks  
  30  3:29  SCV  
  31  3:43  Supply Depot  
  31  4:04  Marine, Medivac  
  34  4:18  Factory Tech Lab  
  34  4:23  SCV  
  35  4:26  Supply Depot  
  35  4:34  Barracks  
  35  4:35  Barracks Tech Lab  
  35  4:48  Orbital Command  
  35  4:49  SCV  
  36  4:54  Marine x2  
  36  4:56  Marine  
  36  4:57  Stimpack  
  39  5:01  SCV  
  39  5:02  Engineering Bay  
  39  5:05  Siege Tank  
  43  5:13  SCV  
  43  5:14  SCV  
  45  5:16  Starport Reactor  
  45  5:23  Barracks Reactor  
  44  5:33  SCV x2  
  44  5:36  Marine x2  
  46  5:44  Barracks, Siege Tank  
  46  5:45  SCV x2, Marine  
  46  5:49  Terran Infantry Weapons Level 1  
  52  5:51  Engineering Bay  
  52  5:56  Marine x2  
  54  5:57  SCV x2  
  54  6:03  Marine  
  54  6:04  Marine  
  48  6:05  Marine  
  49  6:13  SCV  
  49  6:18  Terran Infantry Armor Level 1  
  50  6:24  Marine x3  
  50  6:25  Marine x2  
  54  6:28  Liberator, Medivac, Command Center  
  60  6:33  Barracks Tech Lab  
  60  6:40  SCV x2  
  60  6:45  Combat Shield  
  62  6:54  Missile Turret  
  62  6:55  Missile Turret  
  62  6:57  Missile Turret  
  62  7:06  Supply Depot  
  62  7:14  Refinery  
  62  7:26  Marine x4, SCV x2  
  68  7:36  Concussive Shells  
  68  7:38  SCV x2  
  68  7:39  Marine x2  
  68  7:41  Medivac x2  
  76  7:44  Refinery  
  76  7:46  Planetary Fortress  
  76  7:50  SCV x2  
  78  8:02  SCV x2  
  80  8:09  Marine x4  
  80  8:10  Marine  
  80  8:11  Marauder  
  87  8:12  Medivac  
  79  8:56  Marine x2  
  79  8:57  Marine x4  
  79  8:59  Siege Tank  
  87  9:14  Marine x2  
  87  9:15  Marine x3  
  85  9:23  Refinery  
  84  9:31  Marine, Siege Tank  
  84  9:32  Marine x4  
  84  9:36  Command Center  
  84  9:38  Armory  
  91  9:40  SCV x2  
  93  9:54  SCV  
  93  10:15  Supply Depot  
  93  10:16  Supply Depot  
  93  10:24  Sensor Tower  
  93  10:31  Supply Depot  
  93  10:32  Supply Depot  
  93  10:34  Terran Infantry Armor Level 2  
  93  10:35  Terran Infantry Weapons Level 2  
  93  10:37  Marine x5, Siege Tank  
  93  10:38  Marine  
  102  10:55  Marine x3  
  105  10:57  Planetary Fortress  
  105  11:00  SCV x2  
  105  11:03  Marine x3  
  110  11:05  Sensor Tower  
  110  11:09  Siege Tank  
  113  11:12  Marine  
  114  11:19  Starport  
  114  11:21  Barracks  
  114  11:36  SCV x2  
  116  11:41  SCV x2, Siege Tank  
  116  11:46  Marine x3  
  116  11:47  Marine x3  
  127  12:06  SCV x3  
  130  12:09  Supply Depot  
  130  12:10  Starport Reactor  
  130  12:12  Barracks Reactor  
  130  12:19  Marine x4  
  130  12:20  Marauder x2  
  138  12:29  Supply Depot  
  138  12:31  Liberator x2  
  144  12:54  SCV  
  144  12:55  SCV x3  
  144  12:56  Marine x4  
  144  12:57  Marine  
  153  13:08  Refinery  
  153  13:16  Supply Depot  
  153  13:18  Medivac  
  153  13:19  Sensor Tower  
  155  13:21  SCV  
  155  13:23  Refinery  
  155  13:26  Supply Depot  
  156  13:27  Supply Depot, Terran Infantry Weapons Level 3, Terran Infantry Armor Level 3  
  156  13:29  Terran Vehicle And Ship Armor Level 1  
  156  13:37  Marine x2, SCV x3, Siege Tank  
  164  13:47  Marine x3, Liberator, Medivac  
  164  13:48  Marine x2, Liberator  
  172  13:50  Marauder  
  171  14:00  Fusion Core  
  171  14:02  Refinery  
  171  14:04  Marine  
  171  14:05  Marine x3, Marauder  
  171  14:06  Marine  
  178  14:10  Barracks  
  178  14:11  Barracks  
  178  14:12  Barracks  
  178  14:17  Marine x2  
  180  14:25  Supply Depot x2  
  180  14:34  Command Center  
  180  14:46  Marine x2, Siege Tank, Marauder  
  180  14:47  Marauder  
  189  15:09  Marauder  
  169  15:31  Siege Tank  
  153  15:41  Marine x6  
  153  15:42  Marine x2  
  161  15:43  Medivac x2, Liberator x2  
  163  15:58  Marine  
  163  16:04  Siege Tank  
  156  16:10  Barracks Tech Lab, Barracks Reactor x2  
  153  16:12  Marine x4  
  153  16:13  Marine x2  
  153  16:18  Liberator x2  
  152  16:19  Marine x2  
  156  16:27  Planetary Fortress  
  156  16:30  Marine  
  157  16:39  Siege Tank  
  160  16:44  Ghost Academy  
  160  16:49  Marine x3  
  160  16:50  Marine x8  
  160  16:52  Marauder x2  
  160  16:53  Medivac x2  
  179  17:10  Liberator x2  
  179  17:11  Siege Tank  
  179  17:12  Advanced Ballistics  
  179  17:14  Terran Vehicle And Ship Armor Level 2  
  188  17:16  Hi-Sec Auto Tracking  
  188  17:25  Refinery  
  188  17:27  Refinery  
  188  17:28  Marine x8  
  188  17:29  Marine x2, Sensor Tower  
  198  17:55  Marine x2  
  198  17:58  Personal Cloaking  
  138  18:44  Marine x2  
  138  18:45  Marine x7  
  138  18:46  Marine  
  138  18:47  Marauder x3  
  138  18:48  Liberator x4  
  147  19:08  Marauder  
  147  19:09  Marine x3  
  151  19:10  Marine x6  
  151  19:11  Marine  
  151  19:12  Marine  
  151  19:13  Marauder  
  162  19:22  SCV  
  163  19:27  Marine x3  
  163  19:30  Marauder  
  134  19:52  SCV  
  134  19:53  Marine x4  
  134  19:54  Marine x6  
  134  19:57  Ghost x3  
  134  19:59  Liberator  
  147  20:00  Liberator x3  
  159  20:23  Command Center  
Show
View Real Time Build Order
Export as new Build Order

Sindyr Zerg 

Build Orders: Pool First 

Get SALT Encoding   

  12  0:03  Drone  
  13  0:10  Drone  
  14  0:15  Extractor  
  14  0:18  Drone  
  14  0:23  Overlord  
  15  0:31  Extractor  
  15  0:32  Extractor, Drone  
  16  0:47  Spawning Pool  
  16  0:49  Drone  
  16  0:52  Drone  
  17  1:01  Drone  
  18  1:15  Hatchery  
  17  1:23  Extractor  
  17  1:25  Drone x2  
  18  1:29  Drone  
  19  1:38  Queen  
  21  1:46  Overlord  
  21  2:00  Zergling x2  
  21  2:27  Queen  
  21  2:29  Queen  
  25  2:32  Metabolic Boost  
  25  2:34  Zergling x6  
  25  2:36  Drone  
  29  2:55  Drone x5  
  34  3:00  Overlord  
  34  3:21  Drone  
  35  3:34  Hatchery  
  34  3:43  Lair  
  34  3:48  Drone x7  
  36  3:50  Drone  
  42  4:01  Roach Warren  
  41  4:03  Evolution Chamber  
  41  4:04  Drone  
  41  4:06  Drone  
  42  4:12  Extractor  
  41  4:32  Zerg Missile Weapons Level 1  
  41  4:37  Extractor  
  40  4:46  Glial Reconstitution  
  40  4:50  Queen  
  42  4:53  Drone x8  
  42  4:54  Overlord  
  42  4:55  Overlord x2  
  50  5:11  Spore Crawler x2  
  48  5:18  Drone x5  
  53  5:22  Roach x2  
  53  5:23  Spore Crawler  
  53  5:24  Roach  
  53  5:26  Roach  
  60  5:37  Spine Crawler  
  59  5:43  Spine Crawler  
  58  5:52  Drone x3  
  58  5:53  Extractor  
  58  5:55  Drone  
  58  5:56  Drone x5  
  66  6:12  Spore Crawler  
  66  6:17  Spore Crawler x3  
  66  6:18  Spore Crawler  
  61  6:21  Drone  
  61  6:22  Drone x4  
  66  6:26  Zerg Missile Weapons Level 2  
  66  6:39  Drone  
  68  6:40  Drone x5  
  72  6:51  Evolution Chamber, Overseer  
  72  6:53  Hatchery  
  70  6:59  Infestation Pit  
  69  7:04  Drone x3  
  72  7:09  Extractor  
  72  7:10  Drone x3  
  72  7:12  Extractor  
  72  7:13  Overlord x2  
  73  7:49  Hive  
  73  7:50  Zerg Ground Armor Level 1  
  73  7:58  Drone x3  
  76  8:02  Zergling x8  
  76  8:03  Zergling x4, Roach x4  
  76  8:05  Zergling x8, Roach  
  95  8:17  Spine Crawler  
  94  8:20  Spine Crawler  
  93  8:30  Roach  
  93  8:33  Overlord x3  
  93  8:42  Zerg Melee Weapons Level 1  
  93  8:46  Zergling x8, Roach x3  
  93  8:47  Roach  
  95  8:50  Queen  
  95  9:22  Spore Crawler  
  94  9:31  Drone x2, Roach  
  98  9:32  Drone x2  
  98  9:33  Drone x11  
  98  9:37  Queen  
  88  10:11  Roach x12  
  88  10:13  Overseer  
  112  10:25  Zerg Missile Weapons Level 3  
  112  10:26  Extractor  
  111  10:36  Zerg Ground Armor Level 2  
  111  10:46  Hatchery  
  111  10:57  Drone x2  
  111  11:00  Overlord x11  
  115  11:18  Zergling x4, Roach  
  115  11:19  Zergling x10, Roach x5  
  131  11:43  Baneling Nest  
  130  11:55  Hydralisk Den  
  129  12:02  Overlord  
  129  12:03  Overlord x2  
  129  12:07  Zergling x2  
  129  12:08  Zergling x10  
  135  12:09  Zergling x2  
  136  12:20  Roach x12  
  160  12:23  Overseer  
  148  12:55  Queen  
  148  12:57  Roach x2, Hydralisk  
  148  12:58  Roach x2, Hydralisk x4  
  158  12:59  Roach x5  
  178  13:13  Centrifugal Hooks  
  178  13:14  Muscular Augments  
  178  13:16  Zerg Ground Armor Level 3  
  178  13:17  Zerg Melee Weapons Level 2  
  178  13:18  Adrenal Glands  
  174  14:18  Grooved Spines  
  174  14:26  Unknown  
  173  14:40  Spore Crawler  
  173  14:41  Spore Crawler  
  171  15:07  Baneling x6  
  147  15:23  Hydralisk  
  147  15:24  Roach x6, Hydralisk x2  
  147  15:25  Roach x7  
  147  15:26  Roach x19  
  147  15:27  Roach x3  
  147  15:28  Roach x7  
  200  15:29  Roach  
  200  15:34  Hydralisk x5  
  162  15:52  Hatchery  
  144  16:01  Hatchery  
  144  16:02  Hydralisk x15  
  153  16:07  Zerg Melee Weapons Level 3  
  153  16:20  Hatchery  
  150  16:54  Drone x4  
  150  16:55  Drone x3  
  150  16:56  Drone  
  150  16:58  Overlord  
  150  16:59  Overlord x3  
  158  17:02  Hydralisk, Roach  
  158  17:03  Hydralisk x6  
  174  17:11  Queen  
  176  17:19  Extractor  
  175  17:36  Extractor  
  174  17:44  Zergling x24  
  179  17:45  Roach  
  179  17:46  Zergling x18, Roach  
  199  18:07  Baneling x7  
  199  18:08  Baneling x17  
  199  18:10  Unknown  
  172  18:39  Hydralisk x15  
  172  18:40  Hydralisk x15  
  173  18:44  Roach x3  
  129  18:59  Hydralisk x2  
  129  19:00  Hydralisk x4  
  129  19:02  Roach  
  87  19:53  Hydralisk x2  
  87  19:54  Roach x11, Hydralisk x2  
  87  19:56  Roach  
  89  20:04  Zergling x6  
  89  20:05  Zergling x2  
  93  20:07  Zergling x2  
  94  20:19  Zergling x2  
  94  20:20  Zergling x8  
  99  20:36  Unknown  
Tags
 
League
Master
Matchup
TvZ
Opening
Pool First
Replay Pack
Multiplayer
Spawn Locations
Cross Positions
Add a new tag
Caveats
  • Supply blocks, unpowered buildings, or Contaminate may cause inaccurate times.
  • Supply counts are checked every 10 seconds.